 Dungeon Crawl Stone Soup version 0.17-a0-2027-gcac42c4 (webtiles) character file.

333 Gorice the Cutter (level 6, -8/44 HPs)
             Began as a Vampire Wanderer on Oct 10, 2015.
             Mangled by ztt's ghost (11 damage)
             ... on level 4 of the Dungeon.
             The game lasted 00:16:21 (3506 turns).

Gorice the Cutter (Vampire Wanderer)                Turns: 3506, Time: 00:16:21

Health: -8/44      AC:  3    Str: 13    XL:     6   Next: 27%
Magic:  7/7        EV: 11    Int: 15    God:
Gold:   322        SH:  0    Dex: 13    Spells: 1 memorised, 6 levels left

rFire  . . .     SeeInvis +     a - +2 dagger
rCold  + . .     Clarity  .     f - +0 robe
rNeg   + + +     SustAt   .     (no shield)
rPois  +         Gourm    .     (no helmet)
rElec  .         Spirit   .     i - +0 cloak
rCorr  .         Warding  .     (no gloves)
rMut   .         Stasis   .     (no boots)
MR     +....                    (no amulet)
Stlth  ++........               x - ring of protection from magic
                                m - ring of positive energy

@: regenerating slowly, somewhat resistant to hostile enchantments, unstealthy
A: fangs 3, see invisible, unbreathing
a: Bat Form


You were on level 4 of the Dungeon.
You were thirsty.

You visited 1 branch of the dungeon, and saw 4 of its levels.
You also visited: Ossuary.

You collected 322 gold pieces.

Inventory:

Hand Weapons
 a - a +2 dagger (weapon)
 b - a +0 hand crossbow
 q - a cursed -2 long sword
Missiles
 e - 17 bolts
 h - 15 silver bolts
 s - 18 poisoned needles
 A - 5 tomahawks
 Z - 51 stones (quivered)
Armour
 f - a +0 robe (worn)
 i - a +0 cloak (worn)
Jewellery
 l - an uncursed ring of ice
 m - a ring of positive energy (left hand)
 x - a ring of protection from magic (right hand)
Wands
 n - a wand of polymorph (23)
Scrolls
 j - 3 scrolls of remove curse
 p - a scroll of recharging
 t - a scroll of enchant armour {unknown}
 u - a scroll of enchant weapon {unknown}
 v - a scroll of magic mapping {!r}
Potions
 g - 21 potions of blood
 k - 3 potions of lignification {!q}
 o - 2 potions of curing {unknown}
 r - 2 potions of poison {unknown}
 w - 2 potions of degeneration {unknown}
 B - a potion of berserk rage {unknown}
 C - a potion of brilliance {unknown}
 D - 3 potions of flight
 E - a potion of agility {unknown}
Books
 c - the Grimoire of Beguiling

   Spells                             Type                      Level
   a - Corona                         Hexes                        1
   b - Gell's Gravitas                Hexes/Translocation          3
 z - a book of Power


   Skills:
 - Level 1.7 Fighting
 * Level 5.6 Short Blades
 + Level 3.3 Crossbows
 - Level 1.0 Armour
 - Level 3.0 Stealth
 - Level 1.0 Spellcasting
   Level 1.7 Poison Magic


You had 6 spell levels left.
You knew the following spells:

 Your Spells              Type           Power        Failure   Level  Hunger
a - Corona                Hex            #......      28%         1    ##.....


Dungeon Overview and Level Annotations

Branches:
Dungeon (4/15)
 Temple: D:4-7

Altars:
Okawaru

Annotations:
D:4 ztt's ghost, novice MiFi


Innate Abilities, Weirdness & Mutations

You heal slowly.
You have razor-sharp teeth.
You have supernaturally acute eyesight.
You can survive without breathing.


Message History

The bolt hits ztt's ghost but does no damage.
Ztt's ghost hits you.
Damage: 5 (max 5) Firing (i - inventory. (,) - cycle):
e - 18 bolts (quivered)
Press: ? - help, Shift-Dir - straight line, f/p - ztt's ghost
Aim: ztt's ghost You shoot a bolt.
The bolt closely misses ztt's ghost.
Ztt's ghost barely misses you.
a - a +2 dagger (weapon)
Ztt's ghost hits you!!
Damage: 18 (max 18)
You hit ztt's ghost.
Ztt's ghost is lightly damaged.
Ztt's ghost misses you.
You hit ztt's ghost. Your bite misses ztt's ghost.
Ztt's ghost is lightly damaged.
You barely miss ztt's ghost.
Ztt's ghost is lightly damaged.
Ztt's ghost misses you.
You hit ztt's ghost but do no damage.
Ztt's ghost is lightly damaged.
Ztt's ghost hits you.
Damage: 2 (max 18)
You are feeling thirsty.
Found a viscous blue potion and a bubbling puce potion.
Found a stone staircase leading down.
Ztt's ghost keens inconsolably.
You hit ztt's ghost.
Ztt's ghost is lightly damaged.
Ztt's ghost hits you!
* * * LOW HITPOINT WARNING * * *
Damage: 14 (max 18)
You hit ztt's ghost but do no damage. You bite ztt's ghost, but do no damage.
Ztt's ghost is lightly damaged.
Ztt's ghost hits you.
* * * LOW HITPOINT WARNING * * *
Damage: 4 (max 18) Unknown command.
Drink which item? (? for menu, Esc to quit)
Okay, then.
Unknown command.
Read which item? (? for menu, Esc to quit)
Really read
d - a scroll of fear {!r}?
As you read the scroll of fear {!r}, it crumbles to dust.
You assume a fearsome visage.
Ztt's ghost is unaffected.
Ztt's ghost completely misses you.
You hit ztt's ghost but do no damage.
Ztt's ghost is lightly damaged.
Ztt's ghost hits you!
You die...

........((...#.....##.#
###........##.........
#8#.###8.##....!#..#
###...##.#.........#
#.#...#...>........
##.#.......(......##
#......##...........
#######.##...#####...##...
#......8#.#[#8.@W...## ###
#.###..#<..##..####.#
#........##..### .#
#.#..#.........# .#
.......<..##..#.# .#
........#.......#.##.###
.......##.####..)......#
....... #.# ###.......#
...... #.# #.......#


You could see ztt's ghost.

Vanquished Creatures
  A jelly (D:4)
  2 orc wizards (D:4)
  Natasha (thrice) (D:3)
  8 mummies (Ossuary)
  4 adders
  An ooze (D:2)
  3 worms
  An orc (D:4)
  7 bats
  A giant cockroach (D:3)
  11 goblins
  4 hobgoblins
  2 jackals (D:2)
  7 kobolds
  A quokka (D:2)
  A ball python (D:3)
  6 giant geckos
  7 giant newts
  2 gnoll zombies (Ossuary)
  2 hobgoblin zombies (Ossuary)
  A kobold zombie (Ossuary)
  3 orc zombies (Ossuary)
  6 rats
84 creatures vanquished.

Notes
Turn   | Place    | Note
--------------------------------------------------------------
     0 | D:1      | Gorice the Vampire Wanderer began the quest for the Orb.
     0 | D:1      | Gorice set off with: a +2 dagger, a scroll of fear {!r}, the Grimoire of Beguiling, a +0 hand crossbow, 26 bolts, a +0 robe, a potion of blood
     0 | D:1      | Reached XP level 1. HP: 16/16 MP: 2/2
     0 | D:1      | Identified the Grimoire of Beguiling
   164 | D:1      | Reached skill level 1 in Short Blades
   297 | D:1      | Reached XP level 2. HP: 22/22 MP: 3/3
   820 | D:1      | Reached skill level 2 in Short Blades
  1088 | D:2      | Reached skill level 2 in Crossbows
  1165 | D:2      | Reached XP level 3. HP: 25/27 MP: 4/4
  1169 | D:2      | Learned a level 1 spell: Corona
  1415 | D:2      | Found an iron altar of Okawaru.
  1523 | D:2      | Reached skill level 3 in Short Blades
  1727 | D:2      | Reached XP level 4. HP: 33/33 MP: 5/5
  1886 | D:3      | Noticed Natasha
  1897 | D:3      | Killed Natasha
  2405 | D:3      | Noticed Natasha
  2410 | D:3      | Killed Natasha
  2410 | D:3      | Reached skill level 4 in Short Blades
  2495 | D:3      | Noticed Natasha
  2510 | D:3      | Killed Natasha
  2538 | D:3      | Reached XP level 5. HP: 38/38 MP: 6/6
  2913 | D:4      | Reached skill level 3 in Crossbows
  2952 | D:4      | Found a sand-covered staircase.
  3002 | D:4      | Noticed ztt's ghost (novice MiFi)
  3003 | Ossuary  | Entered an ossuary
  3165 | Ossuary  | Reached skill level 5 in Short Blades
  3288 | Ossuary  | Reached XP level 6. HP: 44/44 MP: 7/7
  3503 | D:4      | HP: 6/44 [ztt's ghost (14)]
  3504 | D:4      | HP: 2/44 [ztt's ghost (4)]
  3506 | D:4      | Mangled by ztt's ghost

Vault maps used:
D:1:      evilmike_arrival_crescent, minmay_newt_pond
D:2:      okawaru_gym_becter
D:3:      first_bread, uniq_natasha
D:4:      makhleb_grotto_becter, lightli_ossuary_entry_decrepit_ruins,
          grunt_decor_cap, uniq_robin
Ossuary:  ossuary_tomb_3

Action                   |  1- 3 |  4- 6 || total
-------------------------+-------+-------++-------
Melee: Dagger            |    54 |    60 ||   114
 Fire: Hand crossbow     |    79 |   101 ||   180
  Use: Potion            |     2 |     5 ||     7
       Scroll            |       |     7 ||     7
 Stab: Sleeping          |     3 |     1 ||     4

Table legend:
 A = Turns spent in this place as a percentage of turns spent in the entire game.
 B = Non-inter-level travel turns spent in this place as a percentage of non-inter-level travel turns spent in the entire game.
 C = Inter-level travel turns spent in this place as a percentage of turns spent in this place.
 D = Turns resting spent in this place as a percentage of non-inter-level travel turns spent in this place.
 E = Turns spent auto-exploring this place as a percentage of non-inter-level travel turns spent in this place.
 F = Non-inter-level travel turns spent in this place divided by the number of levels of this place that you've seen.
                   A       B       C       D       E      F
               +-------+-------+-------+-------+-------+----------------------
         Total | 100.0 | 100.0 |   0.4 |   1.4 |   5.6 | 269.4
       Dungeon |  76.3 |  76.2 |   0.5 |   0.5 |   7.2 | 256.5
       Ossuary |  23.7 |  23.8 |   0.0 |   4.4 |   0.3 | 321.0
               +-------+-------+-------+-------+-------+----------------------

Vault maps used:
D:1:      evilmike_arrival_crescent, minmay_newt_pond
D:2:      okawaru_gym_becter
D:3:      first_bread, uniq_natasha
D:4:      makhleb_grotto_becter, lightli_ossuary_entry_decrepit_ruins,
          grunt_decor_cap, uniq_robin
Ossuary:  ossuary_tomb_3
